 Dungeon Sprint DCSS version 0.21.1-1-g345015fe64 (webtiles) character file.

149 Groucho the Covered (level 5, -4/36 HPs)
             Began as a Gargoyle Fighter on Apr 15, 2018.
             Was an Initiate of Cheibriados.
             Slain by an orc warrior
             ... wielding a cursed -3 battleaxe
              (15 damage)
             ... in the Dungeon (Sprint IX: "|||||||||||||||||||||||||||||").
             The game lasted 00:01:00 (534 turns).

Groucho the Covered (Gargoyle Fighter)               Turns: 534, Time: 00:01:01

Health: -4/36      AC: 13    Str: 25    XL:     5   Next: 31%
Magic:  5/8        EV: 10    Int: 10    God:    Cheibriados [......]
Gold:   0          SH: 11    Dex: 14    Spells: 4/4 levels left

rFire    . . .     SeeInvis .   a - +0 war axe
rCold    . . .     Gourm    .   c - +0 shield
rNeg     + . .     Faith    .   s - +2 ring mail
rPois    ∞         Spirit   .   (no helmet)
rElec    +         Reflect  .   (no cloak)
rCorr    .         Harm     .   (no gloves)
MR       .....     NoTele   +   r - +0 pair of boots
Stlth    +.........             (no amulet)
HPRegen  0.12/turn              b - +3 ring of dexterity
MPRegen  0.11/turn              t - +2 ring of evasion

@: mighty, very slow
A: negative energy resistance 1, electricity resistance, unbreathing,
petrification resistance, rot immunity, AC +4
a: Bend Time, Renounce Religion


You were in the Dungeon.
You worshipped Cheibriados.
Cheibriados was noncommittal.
You were not hungry.

You visited 1 branch

Inventory:

Hand Weapons
 a - a +0 war axe (weapon)
 p - a +1 broad axe of freezing
 q - a +2 morningstar of crushing
Armour
 c - a +0 shield (worn)
 r - a +0 pair of boots (worn)
 s - a +2 ring mail (worn)
Jewellery
 b - a +3 ring of dexterity (left hand)
 t - a +2 ring of evasion (right hand)
Wands
 o - a wand of acid (10)
Scrolls
 k - 2 scrolls of blinking
 m - 3 scrolls of remove curse
 n - 2 scrolls of amnesia
Potions
 e - 5 potions of curing
 g - 2 potions of heal wounds
 h - a potion of haste
 i - 4 potions of magic
 j - a potion of berserk rage
 l - a potion of invisibility
Comestibles
 f - a ration


   Skills:
 - Level 5.6 Fighting
 + Level 5.6 Axes
 - Level 5.7 Armour
 - Level 5.7 Shields
 + Level 4.1 Invocations


You had 4 spell levels left.
You didn't know any spells.

Dungeon Overview and Level Annotations

Branches:
Dungeon (1/1)

Altars:
Cheibriados
Dithmenos
Elyvilon
Fedhas
Gozag
Hepliaklqana
Kikubaaqudgha
Makhleb
Nemelex Xobeh
Okawaru
Qazlal
Ru
Sif Muna
Trog
Uskayaw
Vehumet
Wu Jian
Xom
Yredelemnul
Zin
The Shining One
Beogh
Jiyva
Lugonu


Innate Abilities, Weirdness & Mutations

You are resistant to torment.
Your stone body is resilient. (AC +4)
You are immune to poison.
You resist negative energy. (rN+)
You are resistant to electric shocks. (rElec)
You can survive without breathing.
You are immune to petrification.
You are immune to rotting.


Message History

You block the orc warrior's attack.
Unknown command.
You hit the orc warrior.
The orc warrior is lightly wounded.
The orc warrior misses you.
You feel much better. The orc warrior closely misses you.
You feel very mighty all of a sudden.
The orc warrior hits you with a battleaxe!
You barely miss the orc warrior.
The orc warrior is lightly wounded.
The orc warrior hits you with a battleaxe!
* * * LOW HITPOINT WARNING * * *
You slash the orc warrior!
The orc warrior is heavily wounded.
You block the orc warrior's attack.
Unknown command.
You slash the orc warrior!
The orc warrior is almost dead.
The orc warrior hits you with a battleaxe!
You die... ▓▓▓▓▓▓▓▓▓▓▓▓▓▓▓▓▓▓▓▓▓▓▓▓ _______'..|)[.[.@oW{gZ.. ▓▓▓▓▓▓▓▓▓▓▓▓▓▓▓▓▓▓▓▓▓▓▓▓

You could see a wraith, an orc warrior, a gnoll sergeant and a bat skeleton.

Vanquished Creatures
  A bullfrog (D)
  2 howler monkeys (D)
  A shadow imp (D)
  A leopard gecko (D)
  A giant cockroach (D)
  A hobgoblin (D)
  A bat (D)
  A giant cockroach zombie (D)
  A kobold (D)
  A rat (D)
11 creatures vanquished.

Notes
Turn   | Place    | Note
-------+----------+-------------------------------------------
     0 | D        | Groucho the Gargoyle Fighter began the quest for the Orb.
     0 | D        | Reached XP level 1. HP: 14/14 MP: 1/1
    24 | D        | Noticed a howler monkey
    24 | D        | Noticed a howler monkey
    41 | D        | Killed a howler monkey
    41 | D        | Reached XP level 2. HP: 15/20 MP: 2/2
    41 | D        | Reached XP level 3. HP: 19/25 MP: 3/3
    50 | D        | Reached skill level 5 in Fighting
    50 | D        | Reached skill level 5 in Armour
    50 | D        | Reached skill level 5 in Shields
    52 | D        | Reached XP level 4. HP: 17/31 MP: 4/4
   444 | D        | Found a roughly hewn altar of Beogh.
   444 | D        | Found a snail-covered altar of Cheibriados.
   444 | D        | Found a shadowy altar of Dithmenos.
   444 | D        | Found a white marble altar of Elyvilon.
   444 | D        | Found a blossoming altar of Fedhas.
   444 | D        | Found an opulent altar of Gozag.
   445 | D        | Found a hazy altar of Hepliaklqana.
   446 | D        | Found a viscous altar of Jiyva.
   447 | D        | Found an ancient bone altar of Kikubaaqudgha.
   448 | D        | Found a corrupted altar of Lugonu.
   449 | D        | Found a burning altar of Makhleb.
   450 | D        | Found a sparkling altar of Nemelex Xobeh.
   451 | D        | Found an iron altar of Okawaru.
   458 | D        | Became a worshipper of Cheibriados the Contemplative
   463 | D        | Found a stormy altar of Qazlal.
   464 | D        | Found a sacrificial altar of Ru.
   465 | D        | Found a deep blue altar of Sif Muna.
   466 | D        | Found a bloodstained altar of Trog.
   467 | D        | Found a hide-covered altar of Uskayaw.
   468 | D        | Found a radiant altar of Vehumet.
   469 | D        | Found an ornate altar of the Wu Jian Council.
   470 | D        | Found a shimmering altar of Xom.
   471 | D        | Found a basalt altar of Yredelemnul.
   472 | D        | Found a glowing silver altar of Zin.
   473 | D        | Found a glowing golden altar of the Shining One.
   518 | D        | Noticed a bullfrog
   518 | D        | Noticed an orc warrior
   518 | D        | Noticed a wraith
   518 | D        | Noticed a gnoll sergeant
   525 | D        | Killed a bullfrog
   525 | D        | Reached skill level 5 in Axes
   525 | D        | Reached XP level 5. HP: 30/36 MP: 4/8
   534 | D        | Slain by an orc warrior

Skill      XL: |  1  2  3  4 |
---------------+-------------+-----
Axes           | 3 4 5 |  5.6
Fighting       | 4 5 |  5.6
Armour         | 4 5 |  5.7
Shields        | 4 5 |  5.7
Invocations    | 4 |  4.1

Action                   |  1- 3 |  4- 6 || total
-------------------------+-------+-------++-------
Melee: War axe           |    42 |    29 ||    71
  Use: Potion            |       |     2 ||     2
Armor: Scale mail        |    15 |     7 ||    22
       Ring mail         |       |     4 ||     4
Dodge: Dodged            |     7 |    11 ||    18
Block: Shield            |    23 |    12 ||    35
